 Dungeon Crawl Stone Soup version 0.30-a0-760-g5a9884bb7c (webtiles) character file.

Game seed: 9121319959206127073

147 mopl the Insei (level 5, 0/37 HPs)
             Began as a Djinni Transmuter on Feb 10, 2023.
             Slain by Terence
             ... wielding a +0 trident
              (10 damage)
             ... on level 3 of the Dungeon.
             The game lasted 00:02:33 (1840 turns).

mopl the Insei (Djinni Transmuter)                  Turns: 1840, Time: 00:02:34

Health: 0/37       AC:  2    Str: 11    XL:     5   Next: 55%
Gold:   119        EV: 19    Int: 15    God:
                   SH:  0    Dex: 18

rFire   . . .      SeeInvis .      - Unarmed
rCold   . . .      Faith    .    (shield currently unavailable)
rNeg    . . .      Spirit   .    (body armour currently unavailable)
rPois   ∞          Reflect  .    (helmet currently unavailable)
rElec   .          Harm     .    (cloak currently unavailable)
rCorr   .          Rampage  .    (gloves currently unavailable)
Will    .....                    (boots unavailable)
Stlth   ++                       (no amulet)
HPRegen 0.26/turn                (no ring)
MPRegen 0.00/turn                (no ring)

@: spider-form, flying
A: venomous fangs, flying, sickness immunity, tiny, (fire resistance 2), (cold
vulnerability 1), float, innate caster, HP casting, extra vitality 1
a: End Transformation


You were on level 3 of the Dungeon.
You were a venomous arachnid creature.
You visited 1 branch of the dungeon, and saw 3 of its levels.

You collected 119 gold pieces.

Inventory:

Hand Weapons
 h - a +3 dagger (melded)
Armour
 a - a +0 robe (melded)
 o - a +0 helmet (melded)
Magical Staves
 k - a staff of cold
Scrolls
 e - a scroll of poison {unknown}
 g - a scroll of blinking {unknown}
 i - a scroll of teleportation {unknown}
 n - a scroll of fear {unknown}
Potions
 b - a potion of lignification {!q}
 c - 2 potions of flight {unknown}
 d - a potion of mutation {unknown}
 f - a potion of curing
 j - a potion of might {unknown}
 l - a potion of attraction {unknown}
 m - 2 potions of brilliance {unknown}


   Skills:
 - Level 1.0 Fighting
 - Level 2.1 Dodging
 * Level 5.0 Unarmed Combat
 + Level 2.6 Spellcasting


You couldn't memorise any spells.
You knew the following spells:

 Your Spells              Type           Power      Damage    Failure   Level
a - Beastly Appendage     Tmut           18%        N/A       19%         1
b - Spider Form           Tmut/Pois      9%         N/A       43%         3
c - Apportation           Tloc           18%        N/A       19%         1
d - Ice Form              Ice/Tmut       9%         N/A       77%         4
e - Poisonous Vapours     Pois/Air       18%        N/A       26%         2
w - Wereblood             Tmut           9%         N/A       26%         2
Your spell library was empty.

Dungeon Overview and Level Annotations

Branches:
Dungeon (3/15)

Altars:

Annotations:
D:3 Terence


Innate Abilities, Weirdness & Mutations

You are a venomous arachnid creature.
You have venomous fangs.
You are tiny and dextrous.
You are flying.
Your spellcasting is less reliable in this form.
Your armour is entirely melded.
You are incapable of wielding weapons or throwing items.
You are immune to sickness and miasma.
You are immune to poison.
((Your flesh is very heat resistant. (rF++)))
((You are vulnerable to cold. (rC-)))
You float through the air rather than walking.
You learn spells naturally, not from books.
Your magical power is your life essence.
You have superior vitality. (+4 MHP)


Message History

You hit Natasha.
Natasha is almost dead.
Natasha stares at you and mumbles some strange words.
You feel yourself slow down.
You hit Natasha.
You kill Natasha!
Natasha screams in pain as she dies!
Your transformation has ended.
Your +3 dagger unmelds from your body.
Your +0 helmet unmelds from your body.
Your +0 robe unmelds from your body.
Your Unarmed Combat skill increases to level 5!
HP restored.
You reach down and open the door.
There is an open door here.
Terence the Incautious comes into view.
He is wielding a +0 trident.
You feel yourself speed up.
Terence shouts!
Terence hits you from afar with a +0 trident.
Casting: Spider Form (quite dangerous; 22% risk of failure)
Confirm with . or Enter, or press ? or * to list all spells.
The spell is quite dangerous to miscast (22% risk of failure)!
Continue anyway?
You turn into a venomous arachnid creature.
Your +3 dagger melds into your body.
Your +0 helmet melds into your body.
Your +0 robe melds into your body.
Terence hits you from afar with a +0 trident.
Terence closely misses you.
You hit Terence.
Terence is poisoned.
Terence is lightly wounded.
Terence misses you.
You hit Terence.
Terence is heavily wounded.
Terence hits you with a +0 trident.
You hit Terence but do no damage.
Terence is heavily wounded.
Terence hits you with a +0 trident!
* * * LOW HITPOINT WARNING * * *
You hit Terence but do no damage.
Terence looks as sick as possible!
Terence is heavily wounded.
Terence hits you with a +0 trident!
You die...

#.....# #...###.# #.
#.....# #.......########.
#.....####....#..........
#......#####..###.#.##...
#......#.. #.........#...
#......#.#.#....#.####...
#......#.#......#.###<...
#......#@####..........##
####'###s# #.......####
#.....# #...#...# #######
#...#..># #########


You could see Terence (extremely poisoned).

Vanquished Creatures
  Natasha (twice) (D:3)
  4 adders (D:2)
  A worm (D:2)
  2 dart slugs (D:1)
  An orc (D:3)
  3 bats
  8 endoplasms
  A giant cockroach (D:1)
  4 hobgoblins
  7 jackals (D:2)
  A quokka (D:1)
  3 ball pythons (D:1)
  6 frilled lizards
  5 goblins
  2 kobolds
  4 rats
54 creatures vanquished.

Notes
Turn   | Place    | Note
-------+----------+-------------------------------------------
     0 | D:1      | mopl the Djinni Transmuter began the quest for the Orb.
     0 | D:1      | mopl set off with the following spells memorised: Beastly
                  | Appendage, Wereblood, Spider Form, Ice Form.
     0 | D:1      | Reached XP level 1. HP: 17/17 MP: 0/0
   172 | D:1      | Reached XP level 2. HP: 16/22 MP: 0/0
   276 | D:1      | You are sucked into a shaft and drop 1 floor!
   316 | D:2      | Reached XP level 3. HP: 9/27 MP: 0/0
   316 | D:2      | Learned a level 1 spell: Apportation
   425 | D:2      | Reached skill level 2 in Spellcasting
   474 | D:2      | Reached skill level 4 in Unarmed Combat
   657 | D:1      | Reached XP level 4. HP: 28/32 MP: 0/0
  1620 | D:2      | Found a faded altar of an unknown god.
  1800 | D:3      | Noticed Natasha
  1803 | D:3      | Reached XP level 5. HP: 35/37 MP: 0/0
  1803 | D:3      | Learned a level 2 spell: Poisonous Vapours
  1806 | D:3      | Killed Natasha
  1808 | D:3      | Noticed Natasha
  1821 | D:3      | Killed Natasha
  1822 | D:3      | Reached skill level 5 in Unarmed Combat
  1834 | D:3      | Noticed Terence
  1840 | D:3      | Slain by Terence

Illustrated notes

Levels and vault maps discovered:
D:1:      psy_arrival_terrarium, layout_basic
D:2:      layout_loops_corners, dreamdust_ecumenical_altar_grove,
          grunt_ministairs_2
D:3:      layout_basic, goddamned_bats, uniq_terence, uniq_natasha

Skill      XL: |  1  2  3  4  5 |
---------------+----------------+-----
Spellcasting   | 2 |  2.6
Unarmed Combat | 4 5 |  5.0
Fighting       | |  1.0
Dodging        | |  2.1

Action                     |  1- 3 |  4- 6 || total
---------------------------+-------+-------++-------
  Melee: Unarmed           |    99 |    17 ||   116
         Headbutt          |     9 |     6 ||    15
         Dagger            |       |    81 ||    81
         Punch             |       |     1 ||     1
   Cast: Beastly Appendage |    12 |    14 ||    26
         Spider Form       |       |     2 ||     2
   Stab: Sleeping          |     2 |       ||     2
 Armour: Robe              |    20 |    18 ||    38
  Dodge: Dodged            |    73 |    70 ||   143

Table legend: (Time is in decaauts)
 A = Elapsed time spent in this place.
 B = Non-inter-level travel time spent in this place.
 C = Inter-level travel time spent in this place.
 D = Time resting spent in this place.
 E = Time spent auto-exploring this place.
 F = Levels seen in this place.
 G = Mean time per level.
                   A        B        C        D        E       F      G
               +--------+--------+--------+--------+--------+-----+--------+
         Total |   1838 |   1792 |     46 |    382 |   1025 |   3 |  612.7 |
       Dungeon |   1838 |   1792 |     46 |    382 |   1025 |   3 |  612.7 |
               +--------+--------+--------+--------+--------+-----+--------+

Top non-repeatable levels by time:
     D:2: 1146 daAuts
     D:1: 607 daAuts
     D:3: 84 daAuts
